 Dungeon Crawl Stone Soup version 0.28.0-43-g3370ac3207 (webtiles) character file.

Game seed: 10708983838067940080

3836 Ablot the Magician (level 10, -5/77 HPs)
             Began as a Gnoll Warper on Mar 24, 2022.
             Was an Elder of Okawaru.
             Collided with a rock wall (17 damage)
             ... caused by Erica
             ... on level 8 of the Dungeon.
             The game lasted 00:18:35 (12444 turns).

Ablot the Magician (Gnoll Warper)                  Turns: 12444, Time: 00:18:37

Health: -5/77      AC:  6    Str: 16    XL:     10   Next: 18%
Magic:  20/20      EV: 14    Int: 18    God:    Okawaru [****..]
Gold:   198        SH:  5    Dex: 11    Spells: 12/23 levels left

rFire   . . .      SeeInvis .   P - +2 morningstar (flame)
rCold   . . .      Faith    +   G - +0 buckler
rNeg    . . .      Spirit   .   U - +1 robe {Will+}
rPois   .          Reflect  .   (no helmet)
rElec   .          Harm     .   i - +0 cloak
rCorr   .          Rampage  .   (no gloves)
Will    +....                   R - +0 pair of boots
Stlth   +++.......              y - amulet of faith
HPRegen 0.22/turn               O - +4 ring of slaying
MPRegen 0.17/turn               I - +6 ring of intelligence

@: lethally poisoned (-5 -> -10)
A: fangs 1, strong nose, distributed training, hooves 1
a: Renounce Religion, Heroism, Finesse


You were on level 8 of the Dungeon.
You worshipped Okawaru.
Okawaru was greatly pleased with you.
You visited 2 branches of the dungeon, and saw 9 of its levels.

You collected 395 gold pieces.
You spent 197 gold pieces at shops.

Inventory:

Hand Weapons
 a - a +0 spear
 f - a +1 short sword of venom
 w - a +6 dagger of holy wrath
 P - a +2 morningstar of flaming (weapon)
Missiles
 d - 5 boomerangs of dispersal
 e - 226 stones
 m - 53 bolts
 n - 129 arrows
 p - 8 poisoned darts (quivered)
 r - 32 sling bullets
 H - 3 boomerangs
 L - 2 curare-tipped darts
Armour
 i - a +0 cloak (worn)
 j - an orb of wrath
 G - a +0 buckler (worn)
 R - a +0 pair of boots (worn)
 U - a +1 robe of willpower (worn)
Magical Staves
 q - a staff of conjuration
Jewellery
 s - a ring of ice
 y - an amulet of faith (around neck)
 I - a +6 ring of intelligence (right hand)
 O - a +4 ring of slaying (left hand)
 S - a ring of positive energy
 T - a ring of protection from fire
Wands
 F - a wand of iceblast (19)
 M - a wand of paralysis (23)
Scrolls
 c - 3 scrolls of blinking
 g - 5 scrolls of identify {unknown}
 h - 5 scrolls of fog
 l - a scroll of teleportation {unknown}
 o - 4 scrolls of noise {unknown}
 u - 3 scrolls of enchant weapon {unknown}
 x - 2 scrolls of immolation {unknown}
 A - a scroll of brand weapon {unknown}
 C - a scroll of summoning {unknown}
 E - a scroll of holy word {unknown}
 Q - a scroll of enchant armour {unknown}
Potions
 k - 3 potions of cancellation {unknown}
 t - 2 potions of heal wounds
 v - 7 potions of curing
 z - a potion of ambrosia {unknown}
 B - a potion of degeneration {unknown}
 D - 2 potions of flight {unknown}
 J - a potion of resistance
 K - 2 potions of brilliance {unknown}
 N - a potion of haste {unknown}


   Skills:
 + Level 6.9 Fighting
 + Level 5.0 Short Blades
 + Level 5.0 Long Blades
 + Level 5.0 Axes
 + Level 5.0 Maces & Flails
 + Level 6.9 Polearms
 + Level 5.0 Staves
 + Level 5.0 Slings
 + Level 5.0 Bows
 + Level 5.0 Crossbows
 + Level 5.7 Throwing
 + Level 5.7 Armour
 + Level 6.9 Dodging
 + Level 5.0 Stealth
 + Level 5.0 Shields
 + Level 5.0 Unarmed Combat
 + Level 7.2 Spellcasting
 + Level 4.1 Conjurations
 + Level 4.1 Hexes
 + Level 4.1 Summonings
 + Level 4.1 Necromancy
 + Level 6.9 Translocations
 + Level 4.1 Transmutations
 + Level 4.1 Fire Magic
 + Level 4.1 Ice Magic
 + Level 4.1 Air Magic
 + Level 4.1 Earth Magic
 + Level 4.1 Poison Magic
 + Level 5.5 Invocations
 + Level 5.0 Evocations


You had 12 spell levels left.
You knew the following spells:

 Your Spells              Type           Power      Damage    Failure   Level
a - Blink                 Tloc           62%        N/A       1%          2
b - Wereblood             Tmut           21%        N/A       3%          2
c - Beastly Appendage     Tmut           42%        N/A       2%          1
d - Gell's Gravitas       Tloc           31%        N/A       2%          3
e - Mephitic Cloud        Conj/Pois/Air  21%        N/A       8%          3

Your spell library contained the following spells:

 Spells                   Type           Power      Damage    Failure   Level
 Lesser Beckoning         Tloc           31%        N/A       2%          3
 Teleport Other           Tloc           31%        N/A       2%          3
 Ignite Poison            Fire/Tmut/Pois 21%        N/A       8%          3
 Spider Form              Tmut/Pois      21%        N/A       8%          3
 Manifold Assault         Tloc           31%        N/A       22%         5
 Freezing Cloud           Conj/Ice/Air   10%        6-21      56%         5


Dungeon Overview and Level Annotations

Branches:
Dungeon (8/15)             Temple (1/1) D:4
   Lair: D:8-11

Altars:
Ashenzari
Dithmenos
Elyvilon
Fedhas
Gozag
Kikubaaqudgha
Makhleb
Nemelex Xobeh
Okawaru
Qazlal
Ru
Sif Muna
Uskayaw
Vehumet
Wu Jian
Xom
Zin
The Shining One

Shops:
D:7 *

Annotations:
D:6 2 transporters
D:7 3 runed translucent doors, brob1's ghost, novice MiBe
D:8 Erica


Innate Abilities, Weirdness & Mutations

You have very sharp teeth.
Your uncanny sense of smell can sniff out nearby items.
Your experience applies equally to all skills.
You have large cloven feet.


Message History

There is a stone staircase leading up, spattered with blood here.
p - 7 poisoned darts (gained 1)
p - 8 poisoned darts (gained 1)
Things that are here:
a +0 ring mail; a +0 dagger You now have 180 gold pieces (gained 15).
You now have 198 gold pieces (gained 18).
Erica the Fiery-Tempered comes into view.
She is wielding a +2 scimitar of flaming.
A hornet comes into view.
Found 21 stones.
The helpless Erica fails to defend herself.
You sock Erica! You burn Erica.
Erica is moderately wounded.
Erica hits you with a +2 scimitar of flaming.
Erica burns you.
You closely miss Erica.
Erica is moderately wounded.
Erica closely misses you.
You hit Erica. You burn Erica.
Erica is moderately wounded.
The hornet buzzes angrily.
Erica casts a spell at you. The bolt of poison hits you!!
You are poisoned.
Erica hits you with a +2 scimitar of flaming.
Erica burns you.
You sock Erica! You burn Erica! You bite Erica, but do no damage.
Erica is severely wounded.
You feel very sick.
Erica hits you with a +2 scimitar of flaming.
Erica burns you.
You feel sick.
Erica says, "I love to fight, but killing is better."
You feel sick. Erica casts a spell at you. The lance of force hits you!!
* * * LOW HITPOINT WARNING * * *
You are knocked back by the lance of force.
You slam into the rock wall!
You die...

#8...8# .
###.###
#8...8#
###.###
#8...8#
###.###
#.# #.#
#@#
#.######..
#.@y......
###.......
.......
.......
......(
.......
.......


You could see Erica.

Vanquished Creatures
  Psyche (D:8)
  3 yaks (D:8)
  2 wyverns (D:7)
  An orc warrior (D:7)
  4 sky beasts
  A hornet zombie (D:7)
  An ogre (D:5)
  2 black bears
  A necrophage (D:5)
  A centaur (D:7)
  An ice beast (D:5)
  2 kobold brigands
  A wyvern zombie (D:7)
  A bullfrog (D:6)
  A gnoll sergeant (D:6)
  5 scorpions
  4 wights (D:7)
  A howler monkey (D:5)
  2 centaur zombies
  4 hounds
  A bullfrog skeleton (D:6)
  4 orc priests
  3 jellies (D:4)
  A centaur skeleton (D:5)
  2 iguanas
  6 orc wizards
  11 gnolls
  7 adders
  A shadow imp (D:5)
  2 white imps
  An adder skeleton (D:4)
  A dart slug (D:3)
  25 orcs
  5 bats
  10 endoplasms
  4 giant cockroaches
  8 hobgoblins
  7 jackals
  17 kobolds
  5 quokkas
  5 ball pythons
  3 frilled lizards (D:1)
  9 goblins
  9 rats
186 creatures vanquished.

Vanquished Creatures (others)
  3 plants (D:3)
3 creatures vanquished.

Grand Total: 189 creatures vanquished

Notes
Turn   | Place    | Note
-------+----------+-------------------------------------------
     0 | D:1      | Ablot the Gnoll Warper began the quest for the Orb.
     0 | D:1      | Reached XP level 1. HP: 20/20 MP: 6/6
    80 | D:1      | Reached XP level 2. HP: 21/26 MP: 7/7
    83 | D:1      | Learned a level 2 spell: Blink
   631 | D:1      | Reached XP level 3. HP: 21/31 MP: 9/9
   641 | D:1      | Reached skill level 5 in Spellcasting
  1604 | D:2      | Reached skill level 1 in Invocations
  2049 | D:2      | Reached skill level 1 in Short Blades
  2049 | D:2      | Reached skill level 1 in Long Blades
  2049 | D:2      | Reached skill level 1 in Axes
  2049 | D:2      | Reached skill level 1 in Maces & Flails
  2049 | D:2      | Reached skill level 1 in Staves
  2049 | D:2      | Reached skill level 1 in Slings
  2049 | D:2      | Reached skill level 1 in Bows
  2049 | D:2      | Reached skill level 1 in Crossbows
  2049 | D:2      | Reached skill level 1 in Stealth
  2049 | D:2      | Reached skill level 1 in Shields
  2049 | D:2      | Reached skill level 1 in Unarmed Combat
  2049 | D:2      | Reached skill level 1 in Evocations
  2297 | D:2      | Reached XP level 4. HP: 38/38 MP: 11/11
  2305 | D:2      | Reached skill level 1 in Conjurations
  2305 | D:2      | Reached skill level 1 in Hexes
  2305 | D:2      | Reached skill level 1 in Summonings
  2305 | D:2      | Reached skill level 1 in Necromancy
  2305 | D:2      | Reached skill level 1 in Transmutations
  2305 | D:2      | Reached skill level 1 in Fire Magic
  2305 | D:2      | Reached skill level 1 in Ice Magic
  2305 | D:2      | Reached skill level 1 in Air Magic
  2305 | D:2      | Reached skill level 1 in Earth Magic
  2305 | D:2      | Reached skill level 1 in Poison Magic
  2436 | D:2      | Found a faded altar of an unknown god.
  2961 | D:3      | Reached XP level 5. HP: 43/43 MP: 12/12
  3827 | D:4      | Reached XP level 6. HP: 50/50 MP: 13/13
  4280 | D:4      | Reached skill level 5 in Fighting
  4280 | D:4      | Reached skill level 5 in Polearms
  4280 | D:4      | Reached skill level 5 in Dodging
  4821 | D:4      | Found a staircase to the Ecumenical Temple.
  4830 | Temple   | Entered the Ecumenical Temple
  5047 | Temple   | Became a worshipper of Warmaster Okawaru
  5273 | D:5      | Entered Level 5 of the Dungeon
  5281 | D:5      | Reached XP level 7. HP: 56/56 MP: 15/15
  5693 | D:5      | Reached * piety under Okawaru
  6206 | D:5      | Reached XP level 8. HP: 63/63 MP: 16/16
  6365 | D:4      | Reached ** piety under Okawaru
  6718 | D:5      | Reached skill level 6 in Spellcasting
  7047 | D:6      | Found a transporter.
  7529 | D:6      | Learned a level 2 spell: Wereblood
  7531 | D:6      | Learned a level 1 spell: Beastly Appendage
  7900 | D:6      | Found a transporter.
  7967 | D:6      | Reached XP level 9. HP: 28/69 MP: 18/18
  8467 | D:6      | Found a blossoming altar of Fedhas.
  8467 | D:6      | Found a hide-covered altar of Uskayaw.
  8624 | D:7      | Reached *** piety under Okawaru
  8663 | D:6      | HP: 2/69 [something (3)]
  8664 | D:6      | Gained mutation: You have large cloven feet. [potion of
                  | mutation]
  9010 | D:6      | Reached skill level 5 in Throwing
  9010 | D:6      | Reached skill level 5 in Armour
  9457 | D:7      | HP: 1/67 [wight/+2 spear of distortion (18)]
  9794 | D:7      | Noticed a boulder beetle
 10018 | D:7      | Found Qohad's Assorted Antiques.
 10026 | D:7      | Bought a golden potion for 26 gold pieces
 10026 | D:7      | Bought a sedimented black potion for 26 gold pieces
 10026 | D:7      | Bought 2 scrolls labelled UNALLA JACEER for 58 gold pieces
 10026 | D:7      | Bought a scroll labelled RIGANUFEET for 29 gold pieces
 10026 | D:7      | Bought a wand of paralysis (8) for 58 gold pieces
 10243 | D:7      | Found a runed translucent gate.
 10244 | D:7      | Found a runed translucent gate.
 10245 | D:7      | Found a runed translucent gate.
 10245 | D:7      | Noticed brob1's ghost (novice MiBe)
 11197 | D:7      | Reached skill level 5 in Invocations
 11702 | D:8      | Noticed Psyche
 11727 | D:8      | Reached **** piety under Okawaru
 11730 | D:8      | Reached skill level 7 in Spellcasting
 11730 | D:8      | Reached XP level 10. HP: 70/77 MP: 20/20
 12330 | D:8      | Killed Psyche
 12330 | D:8      | Received a gift from Okawaru
 12331 | D:8      | Reached skill level 5 in Short Blades
 12331 | D:8      | Reached skill level 5 in Long Blades
 12331 | D:8      | Reached skill level 5 in Axes
 12331 | D:8      | Reached skill level 5 in Maces & Flails
 12331 | D:8      | Reached skill level 5 in Staves
 12331 | D:8      | Reached skill level 5 in Slings
 12331 | D:8      | Reached skill level 5 in Bows
 12331 | D:8      | Reached skill level 5 in Crossbows
 12331 | D:8      | Reached skill level 5 in Stealth
 12331 | D:8      | Reached skill level 5 in Shields
 12331 | D:8      | Reached skill level 5 in Unarmed Combat
 12331 | D:8      | Reached skill level 5 in Evocations
 12370 | D:8      | Learned a level 3 spell: Gell's Gravitas
 12374 | D:8      | Learned a level 3 spell: Mephitic Cloud
 12437 | D:8      | Noticed Erica
 12444 | D:8      | Collided with a rock wall

Illustrated notes

Levels and vault maps discovered:
D:1:      dpeg_arrival_subterranean_lakeside_camping, layout_basic,
          palyth_stone_intersect
D:2:      layout_loops_ring, nicolae_ecumenical_snake_handling,
          grunt_ministairs_4, minmay_misc_feat_ornament
D:3:      layout_rooms, chequers_big_river
D:4:      layout_basic, temple_hall, minmay_crystal_water, minmay_misc_feat_room
D:5:      layout_cave_pools
D:6:      gammafunk_cloud_chamber, layout_rooms, nicolae_overflow_hidden_temple,
          gammafunk_temple_overflow_elements, kennysheep_crisscross
D:7:      layout_basic, serial_shops, nicolae_shop_hallway_stairs,
          gammafunk_ghost_split
D:8:      layout_rooms, nzn_hepliaklqana_mist_gate, special_room
          [special_room_orc], minmay_misc_feat_hallway, uniq_harold, uniq_erica,
          uniq_psyche
Temple:   eino_temple_scatter_basement

Skill      XL: |  1  2  3  4  5  6  7  8  9 10 |
---------------+-------------------------------+-----
Spellcasting   | 5 6 7 |  7.2
Invocations    | 1 2 3 4 5 |  5.5
Short Blades   | 1 2 3 4 5 |  5.0
Long Blades    | 1 2 3 4 5 |  5.0
Axes           | 1 2 3 4 5 |  5.0
Maces & Flails | 1 2 3 4 5 |  5.0
Staves         | 1 2 3 4 5 |  5.0
Slings         | 1 2 3 4 5 |  5.0
Bows           | 1 2 3 4 5 |  5.0
Crossbows      | 1 2 3 4 5 |  5.0
Stealth        | 1 2 3 4 5 |  5.0
Shields        | 1 2 3 4 5 |  5.0
Unarmed Combat | 1 2 3 4 5 |  5.0
Evocations     | 1 2 3 4 5 |  5.0
Conjurations   | 1 2 3 4 |  4.1
Hexes          | 1 2 3 4 |  4.1
Summonings     | 1 2 3 4 |  4.1
Necromancy     | 1 2 3 4 |  4.1
Transmutations | 1 2 3 4 |  4.1
Fire Magic     | 1 2 3 4 |  4.1
Ice Magic      | 1 2 3 4 |  4.1
Air Magic      | 1 2 3 4 |  4.1
Earth Magic    | 1 2 3 4 |  4.1
Poison Magic   | 1 2 3 4 |  4.1
Throwing       | 3 4 5 |  5.7
Armour         | 3 4 5 |  5.7
Fighting       | 5 6 |  6.9
Polearms       | 5 6 |  6.9
Dodging        | 5 6 |  6.9
Translocations | 6 |  6.9

Action                   |  1- 3 |  4- 6 |  7- 9 | 10-12 || total
-------------------------+-------+-------+-------+-------++-------
Melee: Dagger            |    96 |   163 |   228 |       ||   487
       Bite              |    12 |    14 |    43 |     3 ||    72
       Spear             |     1 |     3 |    54 |       ||    58
       Morningstar       |       |       |    47 |    32 ||    79
       Kick              |       |       |    18 |       ||    18
Throw: Dart              |       |       |    13 |    10 ||    23
       Boomerang         |       |       |    21 |       ||    21
 Cast: Blink             |       |       |     2 |     1 ||     3
  Use: Potion            |       |       |     3 |       ||     3
       Scroll            |       |       |     1 |       ||     1
 Stab: Sleeping          |     2 |     2 |     2 |     1 ||     7
       Distracted        |     1 |       |       |       ||     1
Armor: Leather armour    |    29 |    36 |    98 |    13 ||   176
Dodge: Dodged            |    43 |   112 |   216 |    20 ||   391
